TOP OF THE 1ST |
University of Oklahoma Sooners batting - Pitching for Coastal Carolina University Chanticleers : LHP Arturo Guevara
|
Pitching: LHP Arturo Guevara
|
|
Batting: RHB Jesus Montoya
|
0-0: Ball 1-0: Called Strike 1-1: Ball 2-1: Ball 3-1: Base on Balls
|
Batting: RHB Victor Borras
|
0-0: Fly out, F7 (Flyball, 7, EV 91.9 MPH)
|
Batting: RHB Sam Mason
|
0-0: Foul Ball, location: 2F 0-1: Ball 1-1: Ball 2-1: Swinging Strike 2-2: Ball 3-2: Foul Ball, location: 2F 3-2: Foul Ball, location: 2F 3-2: Strikes out swinging
|
Batting: LHB Alex Gutierrez
|
0-0: Ball Jesus Montoya steals 2nd, throwing error, E2 Jesus Montoya to third 1-0: Ball 2-0: Ball 3-0: Called Strike 3-1: Fly out, F8 (Flyball, 8RS, EV 95.6 MPH)
|
Top of the 1st over - 0 runs, 0 hits, 1 error, 1 left on base; University of Oklahoma 0 - Coastal Carolina University 0 |
BOTTOM OF THE 1ST |
Coastal Carolina University Chanticleers batting - Pitching for University of Oklahoma Sooners : RHP Billy Russell
|
Pitching: RHP Billy Russell
|
|
Batting: RHB Tatsunori Ishigaki
|
0-0: Called Strike 0-1: Ball 1-1: Ball 2-1: Foul Ball, location: 2F 2-2: Strikes out swinging
|
Batting: RHB Chris Marcellus
|
0-0: Ball 1-0: Swinging Strike 1-1: Ball 2-1: Ball 3-1: Called Strike 3-2: Strikes out swinging
|
Batting: LHB Orlando Hurtado
|
0-0: Called Strike 0-1: Swinging Strike 0-2: Foul Ball, location: 2F 0-2: Ball 1-2: Foul Ball, location: 2F 1-2: Ball 2-2: Foul Ball, location: 2F 2-2: Strikes out looking
|
Bottom of the 1st over - 0 runs, 0 hits, 0 errors, 0 left on base; University of Oklahoma 0 - Coastal Carolina University 0 |
TOP OF THE 2ND |
University of Oklahoma Sooners batting - Pitching for Coastal Carolina University Chanticleers : LHP Arturo Guevara
|
Batting: RHB Ruben Arreola
|
0-0: Called Strike 0-1: Ball 1-1: Called Strike 1-2: Strikes out swinging
|
Batting: LHB Cameron Marinelli
|
0-0: Ball 1-0: Called Strike 1-1: Called Strike 1-2: Foul Ball, location: 2F 1-2: Foul Ball, location: 2F 1-2: Foul Ball, location: 2F 1-2: Ground out 4-3 (Groundball, 4, EV 78.8 MPH)
|
Batting: RHB Ben Gappa
|
0-0: Called Strike 0-1: Foul Ball, location: 2F 0-2: Ball 1-2: Foul Ball, location: 2F 1-2: Strikes out swinging
|
Top of the 2nd over - 0 runs, 0 hits, 0 errors, 0 left on base; University of Oklahoma 0 - Coastal Carolina University 0 |
BOTTOM OF THE 2ND |
Coastal Carolina University Chanticleers batting - Pitching for University of Oklahoma Sooners : RHP Billy Russell
|
Batting: RHB Isaac Washington
|
0-0: Fly out, F7 (Line Drive, 78M, EV 88.1 MPH)
|
Batting: RHB Alex Montiel
|
0-0: Ball 1-0: Foul Ball, location: 2F 1-1: SINGLE (Line Drive, 78M, EV 90.6 MPH)
|
Batting: RHB Dennis Bennett
|
0-0: Called Strike 0-1: Foul Ball, location: 2F 0-2: Strikes out swinging
|
Batting: RHB Fernando Tovar
|
0-0: Ball 1-0: Called Strike Alex Montiel is caught stealing 2nd base 2-4
|
Bottom of the 2nd over - 0 runs, 1 hit, 0 errors, 0 left on base; University of Oklahoma 0 - Coastal Carolina University 0 |
TOP OF THE 3RD |
University of Oklahoma Sooners batting - Pitching for Coastal Carolina University Chanticleers : LHP Arturo Guevara
|
Batting: LHB Alex Benabides
|
0-0: SINGLE (Line Drive, 4M, EV 98.1 MPH)
|
Batting: LHB Toby Clark
|
0-0: Called Strike Alex Benabides steals 2nd base 0-1: Called Strike 0-2: Strikes out swinging
|
Batting: RHB Jesus Montoya
|
0-0: Ball Alex Benabides is caught stealing 3rd base 2-5 1-0: SINGLE (Flyball, 89S, EV 90.6 MPH)
|
Pitching: LHP David Medina
|
|
Batting: RHB Victor Borras
|
0-0: Ball 1-0: Foul Ball, location: 2F 1-1: Foul Ball, location: 2F 1-2: SINGLE (Line Drive, 78M, EV 113.1 MPH) Jesus Montoya to second
|
Batting: RHB Sam Mason
|
0-0: Reached on error, E9 (Flyball, 9LM, EV 76.9 MPH) Jesus Montoya scores Victor Borras to third
|
Batting: LHB Alex Gutierrez
|
0-0: Called Strike 0-1: Ground out 4-3 (Groundball, 34D, EV 103.1 MPH)
|
Top of the 3rd over - 1 run, 3 hits, 1 error, 2 left on base; University of Oklahoma 1 - Coastal Carolina University 0 |
BOTTOM OF THE 3RD |
Coastal Carolina University Chanticleers batting - Pitching for University of Oklahoma Sooners : RHP Billy Russell
|
Batting: RHB Fernando Tovar
|
0-0: Called Strike 0-1: Foul Ball, location: 2F 0-2: Strikes out swinging
|
Batting: LHB Justin Sanders
|
0-0: Called Strike 0-1: Ball 1-1: Foul Ball, location: 2F 1-2: Ball 2-2: Fly out, F8 (Flyball, 8RS, EV 97.5 MPH)
|
Batting: RHB Rene Napoles
|
0-0: Ball 1-0: Called Strike 1-1: Swinging Strike 1-2: Strikes out looking
|
Bottom of the 3rd over - 0 runs, 0 hits, 0 errors, 0 left on base; University of Oklahoma 1 - Coastal Carolina University 0 |
TOP OF THE 4TH |
University of Oklahoma Sooners batting - Pitching for Coastal Carolina University Chanticleers : LHP David Medina
|
Pitching: RHP Jim Eisinger
|
|
Batting: RHB Ruben Arreola
|
0-0: Foul Ball, location: 2F 0-1: Swinging Strike 0-2: Foul Ball, location: 2F 0-2: Strikes out swinging
|
Batting: LHB Cameron Marinelli
|
0-0: Ball 1-0: Ball 2-0: Ball 3-0: Called Strike 3-1: Foul Ball, location: 2F 3-2: Strikes out swinging
|
Batting: RHB Ben Gappa
|
0-0: Swinging Strike 0-1: Foul Ball, location: 2F 0-2: Strikes out swinging
|
Top of the 4th over - 0 runs, 0 hits, 0 errors, 0 left on base; University of Oklahoma 1 - Coastal Carolina University 0 |
BOTTOM OF THE 4TH |
Coastal Carolina University Chanticleers batting - Pitching for University of Oklahoma Sooners : RHP Billy Russell
|
Batting: RHB Tatsunori Ishigaki
|
0-0: Ball 1-0: SINGLE (Groundball, 4M, EV 98.1 MPH) (infield hit)
|
Pitching: LHP Chris Taggart
|
|
Batting: RHB Chris Marcellus
|
0-0: SINGLE (Groundball, 4MD, EV 97.5 MPH) Tatsunori Ishigaki to second Runner from 2nd tries for 3rd, SAFE, throw by CF made to third
|
Batting: LHB Orlando Hurtado
|
|
Pinch Hitting: RHB Mark Tart
|
0-0: Ball 1-0: Called Strike Chris Marcellus is caught stealing 2nd base 2-4 1-1: Foul Ball, location: 2F 1-2: Strikes out swinging
|
Batting: RHB Isaac Washington
|
0-0: Ball 1-0: Ball 2-0: Ball 3-0: Called Strike 3-1: Ground out 5-3 (Groundball, 5, EV 87.5 MPH)
|
Bottom of the 4th over - 0 runs, 2 hits, 0 errors, 1 left on base; University of Oklahoma 1 - Coastal Carolina University 0 |
TOP OF THE 5TH |
University of Oklahoma Sooners batting - Pitching for Coastal Carolina University Chanticleers : RHP Jim Eisinger
|
Pitching: RHP Steve Hewlett
|
|
Now at 1B: Justin Klein
|
|
Now at 2B: Ferri Casteleijn
|
|
Now at 3B: Tristan Williams
|
|
Now in RF: Chris McDaniel
|
|
Batting: LHB Alex Benabides
|
0-0: Ball 1-0: Ball 2-0: Foul Ball, location: 2F 2-1: DOUBLE (Flyball, 78XD, EV 95.6 MPH)
|
Batting: LHB Toby Clark
|
0-0: Ball 1-0: Called Strike 1-1: Ball 2-1: Ball 3-1: Base on Balls
|
Pinch Hitting: RHB Virgil Wenz
|
0-0: Swinging Strike 0-1: Ball 1-1: Called Strike 1-2: Strikes out swinging
|
Pinch Hitting: RHB Sugiarto Kartosuwiryo
|
0-0: Ball 1-0: Foul Ball, location: 2F 1-1: Ball 2-1: Ball 3-1: Fielders Choice at 2nd, 4-6 (Groundball, 4M, EV 85.6 MPH) Alex Benabides to third
|
Pinch Hitting: RHB Jon Hubbard
|
0-0: Foul Ball, location: 2F 0-1: Called Strike 0-2: Ball 1-2: Ball 2-2: Ball 3-2: Strikes out swinging
|
Top of the 5th over - 0 runs, 1 hit, 0 errors, 2 left on base; University of Oklahoma 1 - Coastal Carolina University 0 |
BOTTOM OF THE 5TH |
Coastal Carolina University Chanticleers batting - Pitching for University of Oklahoma Sooners : LHP Chris Taggart
|
Now at C: Jason Higgins
|
|
Now at 1B: Eric Peterson
|
|
Now at 2B: Myles Sabine
|
|
Now at SS: David Stuckey
|
|
Now in LF: Paul Mooris
|
|
Now in CF: Kjeld Leen
|
|
Now in RF: Orlando Uribe
|
|
Batting: RHB Alex Montiel
|
0-0: Ball 1-0: Called Strike 1-1: Fly out, F8 (Flyball, 8LM, EV 83.8 MPH)
|
Batting: RHB Dennis Bennett
|
0-0: Hit by Pitch
|
Batting: RHB Fernando Tovar
|
0-0: Ball 1-0: Foul Ball, location: 2F 1-1: Grounds into double play, 4-6-3 (Groundball, 4, EV 93.1 MPH)
|
Bottom of the 5th over - 0 runs, 0 hits, 0 errors, 0 left on base; University of Oklahoma 1 - Coastal Carolina University 0 |
TOP OF THE 6TH |
University of Oklahoma Sooners batting - Pitching for Coastal Carolina University Chanticleers : RHP Steve Hewlett
|
Now at C: Jason Melek
|
|
Now in LF: Iher Waithaka
|
|
Batting: SHB Orlando Uribe
|
0-0: Swinging Strike 0-1: Ball 1-1: Foul Ball, location: 2F 1-2: Ball 2-2: Ball 3-2: Strikes out swinging
|
Batting: LHB Pedro Marrero
|
0-0: Called Strike 0-1: Ball 1-1: Swinging Strike 1-2: Strikes out swinging
|
Batting: RHB David Stuckey
|
0-0: Called Strike 0-1: Swinging Strike 0-2: Foul Ball, location: 2F 0-2: Ball 1-2: Foul Ball, location: 2F 1-2: Strikes out swinging
|
Top of the 6th over - 0 runs, 0 hits, 0 errors, 0 left on base; University of Oklahoma 1 - Coastal Carolina University 0 |
BOTTOM OF THE 6TH |
Coastal Carolina University Chanticleers batting - Pitching for University of Oklahoma Sooners : LHP Chris Taggart
|
Pitching: LHP Bobby Cimilluca
|
|
Batting: LHB Justin Sanders
|
0-0: Called Strike 0-1: Swinging Strike 0-2: Strikes out swinging
|
Batting: RHB Rene Napoles
|
0-0: Called Strike 0-1: Ball 1-1: Called Strike 1-2: Ball 2-2: Foul Ball, location: 2F 2-2: Ball 3-2: Foul Ball, location: 2F 3-2: Base on Balls
|
Batting: RHB Chris McDaniel
|
0-0: Ball 1-0: Grounds into double play, 5-4-3 (Groundball, 56, EV 107.5 MPH)
|
Bottom of the 6th over - 0 runs, 0 hits, 0 errors, 0 left on base; University of Oklahoma 1 - Coastal Carolina University 0 |
TOP OF THE 7TH |
University of Oklahoma Sooners batting - Pitching for Coastal Carolina University Chanticleers : RHP Steve Hewlett
|
Pitching: RHP Pedro Magdaleno
|
|
Batting: LHB Paul Mooris
|
0-0: Called Strike 0-1: Ball 1-1: Foul Ball, location: 2F 1-2: Strikes out swinging, 2-3 out at first.
|
Batting: RHB Kjeld Leen
|
0-0: Called Strike 0-1: Swinging Strike 0-2: Strikes out swinging
|
Batting: LHB Toby Clark
|
0-0: Ball 1-0: Ball 2-0: Ball 3-0: Swinging Strike 3-1: Swinging Strike 3-2: Strikes out swinging
|
Top of the 7th over - 0 runs, 0 hits, 0 errors, 0 left on base; University of Oklahoma 1 - Coastal Carolina University 0 |
BOTTOM OF THE 7TH |
Coastal Carolina University Chanticleers batting - Pitching for University of Oklahoma Sooners : LHP Bobby Cimilluca
|
Pitching: RHP Gabe Newman
|
|
Batting: RHB Ferri Casteleijn
|
0-0: Ball 1-0: SINGLE (Line Drive, 89M, EV 87.5 MPH)
|
Pinch Hitting: LHB Ramelan Nasution
|
0-0: Ball Ferri Casteleijn is caught stealing 2nd base 2-6 1-0: Called Strike 1-1: Ball 2-1: Foul Ball, location: 2F 2-2: Foul Ball, location: 2F 2-2: Ball 3-2: Foul Ball, location: 2F 3-2: Fly out, F7 (Flyball, 7S, EV 91.9 MPH)
|
Pinch Hitting: LHB Justin Kaller
|
0-0: Swinging Strike 0-1: Foul Ball, location: 2F 0-2: Strikes out swinging, 2-3 out at first.
|
Bottom of the 7th over - 0 runs, 1 hit, 0 errors, 0 left on base; University of Oklahoma 1 - Coastal Carolina University 0 |
TOP OF THE 8TH |
University of Oklahoma Sooners batting - Pitching for Coastal Carolina University Chanticleers : RHP Pedro Magdaleno
|
Pitching: RHP Jeff Box
|
|
Now at 1B: Justin Kaller
|
|
Now at 3B: Tim Kirby
|
|
Pinch Hitting: LHB Jon Terrones
|
0-0: Called Strike 0-1: Ball 1-1: Ball 2-1: Ball 3-1: Ground out 4-3 (Groundball, 4, EV 83.8 MPH)
|
Pinch Hitting: SHB Benedetto Legnano
|
0-0: Ball 1-0: Ball 2-0: Foul Ball, location: 2F 2-1: Foul Ball, location: 2F 2-2: Strikes out swinging
|
Batting: RHB Jason Higgins
|
0-0: Called Strike 0-1: Foul Ball, location: 2F 0-2: Ball 1-2: Strikes out looking
|
Top of the 8th over - 0 runs, 0 hits, 0 errors, 0 left on base; University of Oklahoma 1 - Coastal Carolina University 0 |
BOTTOM OF THE 8TH |
Coastal Carolina University Chanticleers batting - Pitching for University of Oklahoma Sooners : RHP Gabe Newman
|
Pitching: LHP Keith Brushett
|
|
Now at 1B: Jon Terrones
|
|
Now at 2B: Benedetto Legnano
|
|
Pinch Hitting: RHB Mike Grogan
|
0-0: Ball 1-0: Ground out 1-3 (Groundball, 15S, EV 73.8 MPH)
|
Batting: RHB I-po Lin
|
0-0: Swinging Strike 0-1: Ball 1-1: Ball 2-1: Ball 3-1: Base on Balls
|
Pinch Hitting: LHB Milo Karadzic
|
0-0: Called Strike 0-1: Fielders Choice at 2nd, 6-4 (Groundball, 6, EV 98.1 MPH)
|
Batting: LHB Justin Sanders
|
0-0: Foul Ball, location: 2F 0-1: Ball 1-1: Foul Ball, location: 2F 1-2: Foul Ball, location: 2F 1-2: Fly out, F8 (Flyball, 8LM, EV 95.0 MPH)
|
Bottom of the 8th over - 0 runs, 0 hits, 0 errors, 1 left on base; University of Oklahoma 1 - Coastal Carolina University 0 |
TOP OF THE 9TH |
University of Oklahoma Sooners batting - Pitching for Coastal Carolina University Chanticleers : RHP Jeff Box
|
Pitching: RHP Moises Santos
|
|
Now at C: Oscar Hernandez
|
|
Now in LF: Chris McDaniel
|
|
Now in RF: Milo Karadzic
|
|
Batting: SHB Orlando Uribe
|
0-0: Ball 1-0: Foul Ball, location: 2F 1-1: Foul Ball, location: 2F 1-2: Strikes out swinging
|
Batting: LHB Pedro Marrero
|
0-0: Ground out U3 (Groundball, 3, EV 87.5 MPH)
|
Batting: RHB David Stuckey
|
0-0: Reached on error, E6 (Groundball, 6M, EV 83.8 MPH)
|
Pitching: RHP Melchior Hartman
|
|
Batting: LHB Paul Mooris
|
0-0: Called Strike 0-1: Swinging Strike 0-2: Ball 1-2: Strikes out swinging
|
Top of the 9th over - 0 runs, 0 hits, 1 error, 1 left on base; University of Oklahoma 1 - Coastal Carolina University 0 |
BOTTOM OF THE 9TH |
Coastal Carolina University Chanticleers batting - Pitching for University of Oklahoma Sooners : LHP Keith Brushett
|
Pitching: RHP Marco Munoz
|
|
Batting: RHB Rene Napoles
|
0-0: Ball 1-0: Called Strike 1-1: SINGLE (Line Drive, 7LM, EV 108.1 MPH)
|
Batting: RHB Chris McDaniel
|
0-0: Foul Ball, location: 2F 0-1: Fly out, F9 (Flyball, 9D, EV 93.8 MPH) Runner from 1st tags up, SAFE at 2nd
|
Pinch Hitting: LHB Nate Kokx
|
0-0: Called Strike 0-1: Ball 1-1: Ground out 4-3 (Groundball, 34D, EV 97.5 MPH) Rene Napoles to third
|
Batting: LHB Tim Kirby
|
0-0: Ball 1-0: Fly out, F8 (Flyball, 8LD, EV 105.6 MPH)
|
Bottom of the 9th over - 0 runs, 1 hit, 0 errors, 1 left on base; University of Oklahoma 1 - Coastal Carolina University 0 |
|